 Dungeon Sprint DCSS version 0.28-a0-1447-ga5a8893891 (webtiles) character file.

Game seed: 7282717443691942414

9942 tatocazan the Bludgeoner (level 11, -4/79 HPs)
             Began as a Gargoyle Fighter on Jan 11, 2022.
             Was a Follower of Uskayaw.
             Killed from afar by an ogre mage (17 damage)
             ... with a bolt of magma
             ... in the Dungeon (Sprint IX: "|||||||||||||||||||||||||||||").
             The game lasted 00:06:01 (2604 turns).

tatocazan the Bludgeoner (Gargoyle Fighter)         Turns: 2604, Time: 00:06:01

Health: -4/79      AC: 32    Str: 27    XL:     11   Next: 54%
Magic:  19/19      EV:  8    Int:  9    God:    Uskayaw [*.....]
Gold:   1286       SH:  7    Dex: 12    Spells: 10/10 levels left

rFire   . . .      SeeInvis .   (no weapon)
rCold   + . .      Faith    .   c - +0 buckler
rNeg    + . .      Spirit   .   x - +2 plate armour {rC+}
rPois   ∞          Reflect  .   n - +0 helmet
rElec   +          Harm     .   v - +0 cloak
rCorr   .          Rampage  .   o - +0 pair of gloves
Will    .....      NoTele   +   w - +0 pair of boots
Stlth   ..........              (no amulet)
HPRegen 0.23/turn               q - +3 ring of dexterity
MPRegen 0.16/turn               r - +3 ring of strength

@: no status effects
A: sickness immunity, AC +8, negative energy resistance 1, electricity
resistance, torment resistance 1, petrification resistance
a: Renounce Religion, Stomp


You were in the Dungeon.
You worshipped Uskayaw.
Uskayaw was aware of your devotion.
You visited 1 branch You collected 1286 gold pieces.

Inventory:

Hand Weapons
 m - a +2 dire flail of protection
Missiles
 b - 4 curare-tipped darts (quivered)
Armour
 c - a +0 buckler (worn)
 n - a +0 helmet (worn)
 o - a +0 pair of gloves (worn)
 v - a +0 cloak (worn)
 w - a +0 pair of boots (worn)
 x - a +2 plate armour of cold resistance (worn)
Jewellery
 q - a +3 ring of dexterity (left hand)
 r - a +3 ring of strength (right hand)
Scrolls
 f - 4 scrolls of fog
 j - 2 scrolls of blinking
 k - 3 scrolls of amnesia
 s - 2 scrolls of enchant armour
Potions
 d - a potion of mutation
 e - 4 potions of curing
 h - 4 potions of magic
 u - a potion of might


   Skills:
 + Level 13.9 Fighting
 * Level 15.9 Maces & Flails
 + Level 13.9 Armour
 + Level 14.0 Shields
 + Level 10.7 Invocations


You had 10 spell levels left.
You didn't know any spells.
Your spell library was empty.

Dungeon Overview and Level Annotations

Branches:
Dungeon (1/1)

Altars:
Cheibriados
Dithmenos
Elyvilon
Fedhas
Gozag
Hepliaklqana
Kikubaaqudgha
Makhleb
Nemelex Xobeh
Okawaru
Qazlal
Ru
Sif Muna
Trog
Uskayaw
Vehumet
Wu Jian
Xom
Yredelemnul
Zin
The Shining One
Beogh
Jiyva
Lugonu

Shops:
D *


Innate Abilities, Weirdness & Mutations

You are immune to sickness and miasma.
Your stone body is resilient. (AC +8)
You are immune to poison.
You resist negative energy. (rN+)
You are resistant to electric shocks. (rElec)
You are resistant to unholy torment.
You are immune to petrification.


Message History

You barely miss something. Something hits you but does no damage.
You closely miss something. Something hits you but does no damage.
You miss something. Something hits you but does no damage.
You hit something. You block something's attack.
You hit something but do no damage. Something hits you.
You take 5 damage, and have 24/79 hp.
You hit something but do no damage. You block something's attack.
You barely miss something. Something hits you but does no damage.
You hit something. Something hits you but does no damage.
You hit something but do no damage. Something hits you but does no damage.
You hit something but do no damage. You block something's attack.
You closely miss something. Something hits you.
* * * LOW HITPOINT WARNING * * *
You take 2 damage, and have 23/79 hp.
You hit something.
You hear some strange, mumbled words.
You suddenly lose the ability to move!
Something hits you but does no damage.
You hear some strange, mumbled words.
A bolt of magma appears from out of thin air!
The bolt of magma hits you but does no damage.
You hear some strange, mumbled words.
You shrug off the repeated paralysis!
Something hits you but does no damage. x2
You can move again.
You hit something.
You hear some strange, mumbled words.
A bolt of magma appears from out of thin air!
The bolt of magma hits you!
* * * LOW HITPOINT WARNING * * *
You take 14 damage, and have 10/79 hp.
You barely miss something. Something hits you!
* * * LOW HITPOINT WARNING * * *
You take 7 damage, and have 3/79 hp.
You barely miss something. You block something's attack.
You feel better.
You hear some strange, mumbled words.
A bolt of magma appears from out of thin air!
The bolt of magma hits you!
You die...

▓▓▓▓▓▓▓▓▓▓▓▓▓▓▓▓▓▓▓▓▓▓▓▓▓▓▓▓▓▓▓▓▓
)[))).)).)....))))))......§'OOOOO
▓▓▓▓▓▓▓▓▓▓▓▓▓▓▓▓▓▓▓▓▓▓▓▓▓▓▓▓▓▓▓▓▓
........)..(..O{@................
▓▓▓▓▓▓▓▓▓▓▓▓▓▓▓▓▓▓▓▓▓▓▓▓▓▓▓▓▓▓▓▓▓
.)......'÷÷÷......'÷÷÷......††.†.
▓▓▓▓▓▓▓▓▓▓▓▓▓▓▓▓▓▓▓▓▓▓▓▓▓▓▓▓▓▓▓▓▓
.................................
▓▓▓▓▓▓▓▓▓▓▓▓▓▓▓▓▓▓▓▓▓▓▓▓▓▓▓▓▓▓▓▓▓
...'________________________'..).
▓▓▓▓▓▓▓▓▓▓▓▓▓▓▓▓▓▓▓▓▓▓▓▓▓▓▓▓▓▓▓▓▓


You could see a two-headed ogre (fast).

Vanquished Creatures
  A catoblepas (D)
  A centaur warrior (D)
  Sonja (D)
  5 orc knights (D)
  An ugly thing (D)
  A black mamba (D)
  2 cane toads (D)
  A komodo dragon (D)
  A troll (D)
  A polar bear (D)
  4 yaks (D)
  A basilisk (D)
  2 vampire mosquitoes (D)
  2 wargs (D)
  3 water moccasins (D)
  3 hell hounds (D)
  2 black bears (D)
  8 orc warriors (D)
  A necrophage (D)
  4 wolves (D)
  3 bullfrogs (D)
  A killer bee (D)
  A hound (D)
  3 orc priests (D)
  2 orc wizards (D)
  2 adder zombies (D)
  8 orcs (D)
  A bat zombie (D)
  2 endoplasms (D)
  A goblin (D)
  A frilled lizard (D)
  A quokka skeleton (D)
  A rat (D)
72 creatures vanquished.

Vanquished Creatures (others)
  A centaur warrior (D)
  A shadow (D)
2 creatures vanquished.

Grand Total: 74 creatures vanquished

Notes
Turn   | Place    | Note
-------+----------+-------------------------------------------
     0 | D        | tatocazan the Gargoyle Fighter began the quest for the Orb.
     0 | D        | Reached XP level 1. HP: 14/14 MP: 1/1
     1 | D        | Banished a spatial maelstrom
    28 | D        | Noticed a black bear
    28 | D        | Noticed a necrophage
    28 | D        | Noticed a hound
    34 | D        | Killed a black bear
    35 | D        | Reached skill level 5 in Fighting
    35 | D        | Reached skill level 4 in Maces & Flails
    35 | D        | Reached skill level 5 in Armour
    35 | D        | Reached skill level 5 in Shields
    35 | D        | Reached XP level 2. HP: 16/22 MP: 2/2
    35 | D        | Reached XP level 3. HP: 20/27 MP: 3/3
    35 | D        | Reached XP level 4. HP: 24/32 MP: 4/4
    50 | D        | Killed a necrophage
    51 | D        | Reached skill level 5 in Maces & Flails
    51 | D        | Reached XP level 5. HP: 31/37 MP: 5/5
    64 | D        | Reached skill level 6 in Maces & Flails
   128 | D        | Found a snail-covered altar of Cheibriados.
   128 | D        | Found a shadowy altar of Dithmenos.
   128 | D        | Found a white marble altar of Elyvilon.
   128 | D        | Found a blossoming altar of Fedhas.
   128 | D        | Found an opulent altar of Gozag.
   129 | D        | Found a hazy altar of Hepliaklqana.
   130 | D        | Found a viscous altar of Jiyva.
   131 | D        | Found an ancient bone altar of Kikubaaqudgha.
   132 | D        | Found a corrupted altar of Lugonu.
   133 | D        | Found a burning altar of Makhleb.
   134 | D        | Found a sparkling altar of Nemelex Xobeh.
   135 | D        | Found an iron altar of Okawaru.
   136 | D        | Found a stormy altar of Qazlal.
   137 | D        | Found a sacrificial altar of Ru.
   138 | D        | Found a shimmering blue altar of Sif Muna.
   139 | D        | Found a bloodstained altar of Trog.
   140 | D        | Found a hide-covered altar of Uskayaw.
   141 | D        | Found a radiant altar of Vehumet.
   142 | D        | Found an ornate altar of the Wu Jian Council.
   143 | D        | Found a shimmering altar of Xom.
   144 | D        | Found a basalt altar of Yredelemnul.
   145 | D        | Found a glowing silver altar of Zin.
   146 | D        | Found a glowing golden altar of the Shining One.
   160 | D        | Became a worshipper of Uskayaw the Reveller
   211 | D        | Noticed a troll
   211 | D        | Noticed a yak
   212 | D        | Reached * piety under Uskayaw
   213 | D        | Reached ** piety under Uskayaw
   216 | D        | Reached *** piety under Uskayaw
   217 | D        | Killed a troll
   218 | D        | Reached skill level 7 in Maces & Flails
   218 | D        | Reached XP level 6. HP: 25/45 MP: 6/6
   218 | D        | Reached XP level 7. HP: 27/50 MP: 7/7
   224 | D        | Reached **** piety under Uskayaw
   225 | D        | Killed a yak
   225 | D        | Reached ***** piety under Uskayaw
   226 | D        | Reached skill level 8 in Maces & Flails
   438 | D        | Noticed a shadow
   438 | D        | Noticed a centaur warrior
   438 | D        | Noticed a centaur warrior
   438 | D        | Noticed a vampire mosquito
   438 | D        | Noticed a purple ugly thing
   438 | D        | Noticed a vampire mosquito
   440 | D        | Killed a shadow
   447 | D        | Killed a centaur warrior
   448 | D        | Reached skill level 10 in Fighting
   448 | D        | Reached skill level 9 in Maces & Flails
   448 | D        | Reached skill level 10 in Armour
   448 | D        | Reached skill level 10 in Shields
   448 | D        | Reached XP level 8. HP: 44/57 MP: 7/10
   451 | D        | Killed a centaur warrior
   452 | D        | Reached skill level 10 in Maces & Flails
   452 | D        | Reached skill level 5 in Invocations
   452 | D        | Reached XP level 9. HP: 43/63 MP: 7/13
   455 | D        | Killed a purple ugly thing
   456 | D        | Reached skill level 11 in Maces & Flails
   797 | D        | Noticed a polar bear
   797 | D        | Noticed a cane toad
   803 | D        | Noticed a black mamba
   817 | D        | Reached skill level 12 in Maces & Flails
   819 | D        | Killed a polar bear
   821 | D        | Killed a cane toad
   822 | D        | Reached XP level 10. HP: 51/71 MP: 13/15
   824 | D        | Killed a black mamba
   832 | D        | Reached skill level 13 in Maces & Flails
   833 | D        | Reached ****** piety under Uskayaw
  1101 | D        | Noticed a catoblepas
  1101 | D        | Noticed a cane toad
  1126 | D        | Killed a catoblepas
  1132 | D        | Killed a cane toad
  1144 | D        | Reached skill level 14 in Maces & Flails
  1553 | D        | Noticed Sonja
  1567 | D        | Killed Sonja
  1568 | D        | Reached XP level 11. HP: 41/78 MP: 18/18
  1759 | D        | Noticed an orc knight
  1788 | D        | Killed an orc knight
  1789 | D        | Reached skill level 15 in Maces & Flails
  1965 | D        | Noticed an orc knight
  1965 | D        | Noticed an orc knight
  1970 | D        | Noticed an orc knight
  1979 | D        | Killed an orc knight
  1980 | D        | Reached skill level 10 in Invocations
  1983 | D        | HP: 2/78 [orc knight (18)]
  1989 | D        | Killed an orc knight
  1991 | D        | Noticed an orc knight
  2002 | D        | Killed an orc knight
  2008 | D        | Killed an orc knight
  2429 | D        | Found Faot's Assorted Antiques.
  2429 | D        | Noticed an ogre mage
  2429 | D        | Noticed a two-headed ogre
  2429 | D        | Noticed a two-headed ogre
  2429 | D        | Noticed a two-headed ogre
  2475 | D        | Paralysed by something for 5 turns
  2595 | D        | Paralysed by something for 6 turns
  2602 | D        | HP: 3/79 [something (7)]
  2604 | D        | Killed from afar by an ogre mage

Illustrated notes

Levels and vault maps discovered:
D:        linesprint [early_d, line_temple, items_1, d_10, items_2, lair_1,
          lair_end, items_3, orc_1, orc_end, items_4, d_15, swamp_1, shoals_1,
          snake_1, spider_1, d_20, vaults_1, items_5, swamp_end, shoals_end,
          snake_end, spider_end, vaults_end, d_27, items_6, zot_1, zot_end,
          crypt_end, forest_end, elf_end, slime_end, tomb_end, abyss_end,
          pan_hell_end]

Skill      XL: |  1  2  3  4  5  6  7  8  9 10 11 |
---------------+----------------------------------+-----
Fighting       | 5 6 8 10 11 13 | 13.9
Maces & Flails | 4 5 7 9 10 12 14 15 | 15.9
Armour         | 5 6 8 10 11 13 | 13.9
Shields        | 5 6 8 10 11 13 14 | 14.0
Invocations    | 3 5 7 9 10 | 10.7

Action                   |  1- 3 |  4- 6 |  7- 9 | 10-12 || total
-------------------------+-------+-------+-------+-------++-------
Melee: Flail             |    23 |    33 |    56 |   147 ||   259
       Unarmed           |       |       |       |    88 ||    88
Throw: Throwing net      |       |       |       |     2 ||     2
       Dart              |       |       |       |     1 ||     1
Invok: Stomp             |       |       |       |     4 ||     4
Evoke: Wand              |       |     1 |       |     9 ||    10
  Use: Potion            |     1 |     1 |     2 |    11 ||    15
       Scroll            |       |       |       |     1 ||     1
 Stab: Paralysed         |       |     1 |     3 |    12 ||    16
       Invisible         |       |       |     3 |       ||     3
Armor: Scale mail        |    12 |    19 |       |       ||    31
       Chain mail        |       |     7 |    27 |    37 ||    71
       Plate armour      |       |       |       |    41 ||    41
Dodge: Dodged            |    10 |    17 |    19 |    30 ||    76
Block: Buckler           |     2 |    11 |    12 |    37 ||    62

Table legend: (Time is in decaauts)
 A = Elapsed time spent in this place.
 B = Non-inter-level travel time spent in this place.
 C = Inter-level travel time spent in this place.
 D = Time resting spent in this place.
 E = Time spent auto-exploring this place.
 F = Levels seen in this place.
 G = Mean time per level.
                   A        B        C        D        E       F      G
               +--------+--------+--------+--------+--------+-----+--------+
         Total |   2566 |   2566 |      0 |   1350 |    532 |   1 | 2566.0 |
       Dungeon |   2566 |   2566 |      0 |   1350 |    532 |   1 | 2566.0 |
               +--------+--------+--------+--------+--------+-----+--------+

Top non-repeatable levels by time:
       D: 2566 daAuts
